 Dungeon Crawl Stone Soup version 0.25-a0-435-g4b9beb1024 (webtiles) character file.

Game seed: 15553912183663589050, levelgen mode: deterministic

3007 Esekla the Thaumaturge (level 9, -4/39 HPs)
             Began as a Spriggan Wizard on Jan 29, 2020.
             Was an Initiate of Gozag.
             Killed from afar by a centaur (14 damage)
             ... with an iceblast
             ... on level 7 of the Dungeon on Jan 30, 2020.
             The game lasted 01:15:26 (9778 turns).

Esekla the Thaumaturge (Spriggan Wizard)            Turns: 9778, Time: 01:15:27

Health: -4/39      AC:  4    Str:  8    XL:     9   Next: 54%
Magic:  22/22      EV: 21    Int: 22    God:    Gozag
Gold:   681        SH:  0    Dex: 15    Spells: 16/25 levels left

rFire    . . .     SeeInvis +   e - +0 dagger (elec)
rCold    . . .     Gourm    .   (shield restricted)
rNeg     . . .     Faith    .   a - +0 robe
rPois    .         Spirit   .   b - +0 hat
rElec    .         Reflect  .   I - +1 cloak
rCorr    .         Harm     .   (gloves unavailable)
MR       ++...                  (boots unavailable)
Stlth    ++........             (no amulet)
HPRegen  0.13/turn              m - +3 ring of strength
MPRegen  0.18/turn              C - ring of protection from magic

@: gold aura, very quick
A: very small, unfitting armour, talons 1, see invisible, clever 1, herbivore,
speed 3, slow metabolism 2
a: Potion Petition, Call Merchant, Bribe Branch, Renounce Religion


You were on level 7 of the Dungeon.
You worshipped Gozag.
Gozag was pleased with you.
You were hungry.

You visited 2 branches of the dungeon, and saw 8 of its levels.
You also visited: Ossuary.

You collected 747 gold pieces.
You paid 66 gold pieces to Gozag.

Inventory:

Hand Weapons
 e - a +0 dagger of electrocution (weapon)
 K - the +2 war axe of Perfectionism {vorpal, rElec rN+ Int-3 Dex+2, unknown}
   (You found it on level 6 of the Dungeon)

   It inflicts extra damage upon your enemies.
   It affects your intelligence (-3).
   It affects your dexterity (+2).
   It insulates you from electricity.
   It protects you from negative energy.
 M - a +2 dagger of speed
Missiles
 j - 14 poisoned darts (quivered)
 N - 4 boomerangs
Armour
 a - a +0 robe (worn)
 b - a +0 hat (worn)
 I - a +1 cloak (worn)
Jewellery
 m - a +3 ring of strength (left hand)
 C - a ring of protection from magic (right hand)
 H - an uncursed ring of ice
 P - an uncursed ring of fire
Wands
 i - a wand of enslavement (4)
 A - a wand of acid (8)
 G - a wand of flame (27)
 O - a wand of paralysis (12)
Scrolls
 c - 6 scrolls of remove curse
 h - 5 scrolls of teleportation
 o - 2 scrolls of immolation
 r - a scroll of enchant armour
 s - a scroll of noise
 t - 2 scrolls of magic mapping
 x - a scroll of fog
 E - 3 scrolls of identify
 J - a scroll of vulnerability
Potions
 f - a potion of might
 g - 7 potions of heal wounds
 k - 2 potions of resistance
 l - a potion of flight
 n - 2 potions of ambrosia
 p - 7 potions of curing
 q - a potion of agility
 u - 4 potions of cancellation
 B - a potion of haste
 D - 3 potions of brilliance
Comestibles
 d - 10 rations


   Skills:
 * Level 4.5 Short Blades
 + Level 4.0 Throwing
 * Level 6.5 Dodging
 - Level 3.2 Stealth
 * Level 8.8 Spellcasting
 + Level 3.0 Conjurations
   Level 0.7 Summonings
 + Level 4.3 Translocations
 * Level 3.4 Fire Magic
 * Level 3.5 Air Magic
 * Level 4.0 Poison Magic


You had 16 spell levels left.
You knew the following spells:

 Your Spells              Type           Power        Failure   Level  Hunger
a - Magic Dart            Conj           ###.         1%          1    None
b - Blink                 Tloc           N/A          1%          2    None
c - Mephitic Cloud        Conj/Pois/Air  ####....     4%          3    None
f - Conjure Flame         Conj/Fire      ###.....     5%          3    None

Your spell library contained the following spells:

 Spells                   Type           Power        Failure   Level  Hunger
 Call Imp                 Summ           ##......     8%          2    None
 Slow                     Hex            #.......     11%         2    None
 Bolt of Magma            Conj/Fire/Erth ###.......   61%         5    #####..
 Iskenderun's Battlesphe  Conj/Chrm      ###.....     71%         5    #####..
 Iron Shot                Conj/Erth      ###.......   99%         6    ######.
 Orb of Destruction       Conj           ###.......   100%        7    #######
 Spellforged Servitor     Conj/Summ      ###.......   100%        7    #######


Dungeon Overview and Level Annotations

Branches:
Dungeon (7/15)             Temple (1/1) D:4         Ossuary (visited)

Altars:
Ashenzari
Cheibriados
Dithmenos
Elyvilon
Fedhas
Gozag
Hepliaklqana
Kikubaaqudgha
Makhleb
Nemelex Xobeh
Okawaru
Qazlal
Ru
Sif Muna
Trog
Uskayaw
Vehumet
Wu Jian
Xom
Yredelemnul
Zin
The Shining One

Annotations:
D:4 Grinder
D:7 1 runed translucent door, exclusion: orange crystal statue


Innate Abilities, Weirdness & Mutations

You are very small and have problems with some larger weapons.
You are too small for most types of armour.
You have supernaturally acute eyesight. (SInv)
You are a herbivore.
You cover ground extremely quickly.
You need to consume almost no food.
You have sharp toenails.
Your mind is acute. (Int +2)


Message History

You completely miss the worker ant zombie.
Your kick misses the worker ant zombie.
The worker ant zombie is almost destroyed.
The worker ant zombie misses you.
You hit the worker ant zombie. You claw the worker ant zombie.
The worker ant zombie is almost destroyed.
The worker ant zombie misses you.
You hit the worker ant zombie. You claw the worker ant zombie.
You destroy the worker ant zombie!
You now have 681 gold pieces (gained 6).
Marking area around an orange crystal statue as unsafe for travelling.
Found a scimitar.
Found a runed translucent door.
The centaur shouts!
The centaur zaps a wand.
The mass of ice explodes!
The iceblast engulfs you!
* * * LOW HITPOINT WARNING * * *
Found the +10 large shield of Ignorance {rN+ Int-4}.
The centaur zaps a wand.
The mass of ice explodes!
The iceblast engulfs you!
You die...
Your body crumbles into a pile of gold.

,,,,,,,....,,,,#.#.#.#.####
,,,,,,,,..c,,,,#..........######
********#..****#.#.#.#.##......##
*,,,,,,,#..* #.......#######..#
*,*,,,*,#)c#####.#.#.#...# ##..
*,,,,,,,#.....#*#......#.# ###
+,,,[...+..##.####.#.###.#* ##
*,,,....#.###...#>..(.#*..##* ##.
*,*,..#,#.......@#.#.###*...*##..
*,,,.,,8#..###.........##*#.##..#
*******##.** ##..#.#.#..# #.....#
,,,,,,,,,,* ###.......####....#
,***,,,,,,*****###.#.#.....#.....
,,,,,,,,,,,,,,,..................
****,,,,,,,****..................
*,,,,**,** *........###.....).
*,,,,**,,* *..................


You could see a centaur.

Vanquished Creatures
  Sigmund (D:3)
  2 orc warriors (D:6)
  A phantom (D:4)
  An ogre (D:4)
  2 centaurs
  4 bullfrogs
  12 scorpions
  5 wights (D:7)
  A howler monkey (D:4)
  An electric eel (D:6)
  5 crimson imps
  2 centaur zombies (Ossuary)
  2 hounds (D:5)
  5 orc wizards
  A jelly (D:5)
  4 orc priests
  A human zombie (Ossuary)
  An iguana (D:5)
  6 worker ants
  3 mummies (Ossuary)
  A howler monkey zombie (D:7)
  A worker ant zombie (D:7)
  11 gnolls
  5 scorpion zombies (Ossuary)
  10 adders
  2 oozes (D:1)
  An adder skeleton (D:4)
  6 dart slugs
  4 leopard geckos
  17 orcs
  A ball python (D:4)
  3 giant cockroaches
  5 gnoll zombies (Ossuary)
  3 goblins
  6 hobgoblins
  12 jackals
  2 quokkas
  5 bats
  5 frilled lizards
  A giant cockroach zombie (D:6)
  4 goblin zombies (Ossuary)
  3 hobgoblin zombies (Ossuary)
  7 kobolds
  3 orc zombies (Ossuary)
  2 rats
180 creatures vanquished.

Vanquished Creatures (others)
  An electric eel (D:6)
1 creature vanquished.

Grand Total: 181 creatures vanquished

Notes
Turn   | Place    | Note
-------+----------+-------------------------------------------
     0 | D:1      | Esekla the Spriggan Wizard began the quest for the Orb.
     0 | D:1      | Reached XP level 1. HP: 9/9 MP: 6/6
   238 | D:1      | Reached XP level 2. HP: 13/13 MP: 4/8
   255 | D:1      | Learned a level 2 spell: Blink
   566 | D:1      | Reached skill level 5 in Spellcasting
   680 | D:1      | Reached XP level 3. HP: 9/16 MP: 5/10
  1050 | D:3      | Noticed Sigmund
  1130 | D:2      | Learned a level 3 spell: Mephitic Cloud
  1134 | D:2      | Learned a level 3 spell: Conjure Flame
  1178 | D:3      | Killed Sigmund
  1178 | D:3      | Reached skill level 1 in Short Blades
  1178 | D:3      | Reached skill level 1 in Conjurations
  1178 | D:3      | Reached skill level 1 in Fire Magic
  1178 | D:3      | Reached skill level 1 in Air Magic
  1178 | D:3      | Reached skill level 1 in Poison Magic
  1178 | D:3      | Reached XP level 4. HP: 21/21 MP: 6/12
  1178 | D:3      | Reached XP level 5. HP: 24/24 MP: 7/14
  1419 | D:4      | Reached XP level 6. HP: 17/28 MP: 11/15
  1584 | D:5      | Entered Level 5 of the Dungeon
  1605 | D:5      | Reached skill level 6 in Spellcasting
  1629 | D:5      | Found a sand-covered staircase.
  1693 | Ossuary  | Entered an ossuary
  2141 | Ossuary  | Reached skill level 1 in Throwing
  2295 | Ossuary  | Reached XP level 7. HP: 10/32 MP: 4/17
  3476 | Ossuary  | Reached skill level 7 in Spellcasting
  4021 | D:5      | Reached skill level 5 in Dodging
  4021 | D:5      | Reached XP level 8. HP: 36/36 MP: 19/19
  4257 | D:4      | Noticed Grinder
  4258 | D:4      | Found a basalt altar of Yredelemnul.
  6501 | D:4      | Found a staircase to the Ecumenical Temple.
  6527 | Temple   | Entered the Ecumenical Temple
  6775 | Temple   | Became a worshipper of Gozag Ym Sagoz the Greedy
  7481 | D:4      | Paralysed by Grinder for 5 turns
  7972 | D:5      | Reached skill level 8 in Spellcasting
  8054 | D:6      | Got an encrusted war axe
  8237 | D:6      | Reached XP level 9. HP: 25/39 MP: 6/22
  9226 | D:7      | Found a snail-covered altar of Cheibriados.
  9453 | D:7      | Gained mutation: Your mind is acute. (Int +2) [potion of
                  | mutation]
  9453 | D:7      | Gained mutation: You have sharp toenails. [potion of
                  | mutation]
  9770 | D:7      | Noticed an orange crystal statue
  9772 | D:7      | Found a runed translucent door.
  9774 | D:7      | Found the +10 large shield of Ignorance {rN+ Int-4}
  9778 | D:7      | Killed from afar by a centaur

Levels and vault maps discovered:
D:1:      sevenhm_arrival_forest_fort_small_6, layout_basic, chequers_jeans
D:2:      layout_loops_ring, kennysheep_generic_room_5
D:3:      layout_basic, first_ration, uniq_sigmund
D:4:      layout_loops_ring, old_standard_altar, minmay_temple_entry_tees,
          uniq_grinder
D:5:      layout_loops_ring, lightli_ossuary_entry_decrepit_ruins
D:6:      layout_basic, hangedman_abyss_or_decor_stabs, grunt_ministairs_5,
          chequers_big_river
D:7:      lemuel_slime, layout_rooms, ebering_ghost_rock_garden, basic_altar,
          st_stairs_13, chequers_guarded_unrand_ignorance
Temple:   nicolae_temple_the_god_donut

Skill      XL: |  1  2  3  4  5  6  7  8  9 |
---------------+----------------------------+-----
Spellcasting   | 5 6 7 8 |  8.8
Translocations | 2 3 4 |  4.3
Short Blades   | 1 2 3 4 |  4.5
Conjurations   | 1 2 3 |  3.0
Fire Magic     | 1 2 3 |  3.4
Air Magic      | 1 2 3 |  3.5
Poison Magic   | 1 2 3 4 |  4.0
Dodging        | 4 5 6 |  6.5
Throwing       | 1 3 4 |  4.0
Stealth        | |  3.2
Summonings     | |  0.7

Action                   |  1- 3 |  4- 6 |  7- 9 || total
-------------------------+-------+-------+-------++-------
Melee: Dagger            |    65 |    26 |   311 ||   402
       Kick              |       |       |    11 ||    11
Throw: Dart              |     6 |    32 |   128 ||   166
 Cast: Magic Dart        |    37 |    32 |   159 ||   228
       Mephitic Cloud    |     2 |     1 |    19 ||    22
       Conjure Flame     |       |     7 |    13 ||    20
  Use: Scroll            |       |     6 |    16 ||    22
       Potion            |       |       |     2 ||     2
 Stab: Sleeping          |     8 |     3 |    12 ||    23
       Confused          |     3 |     1 |    12 ||    16
  Eat: Ration            |       |       |     3 ||     3
Armor: Robe              |     1 |     1 |    11 ||    13
       Skin              |       |       |    14 ||    14
Dodge: Dodged            |    60 |    15 |   153 ||   228

Table legend:
 A = Non-vault XP
 B = Vault XP
 C = Vault XP percentage of total XP
 D = Non-vault monster count
 E = Vault monster count
 F = Vault count percentage of total count
                 A         B        C        D         E       F
            +---------+---------+-------+---------+---------+-------
      Total |    3111 |    1186 |  27.6 |     141 |      40 |  22.1
            +---------+---------+-------+---------+---------+-------
        D:1 |      53 |       0 |   0.0 |      22 |       0 |   0.0
        D:2 |      67 |       4 |   5.6 |      17 |       1 |   5.6
        D:3 |     212 |     231 |  52.1 |      20 |       1 |   4.8
        D:4 |     614 |       0 |   0.0 |      21 |       0 |   0.0
        D:5 |     429 |       0 |   0.0 |       9 |       0 |   0.0
        D:6 |    1267 |       3 |   0.2 |      35 |       1 |   2.8
        D:7 |     469 |      50 |   9.6 |      17 |       1 |   5.6
    Ossuary |       0 |     898 | 100.0 |       0 |      36 | 100.0
            +---------+---------+-------+---------+---------+-------
